 Dungeon Crawl Stone Soup version 0.26.1-2-gb8aa6d0cf2 (webtiles) character file.

Game seed: 16992652960174551831

32 Martska the Chucker (level 3, -3/37 HPs)
             Began as an Ogre Hunter on Mar 11, 2021.
             Slain by Sigmund
             ... wielding a +0 scythe
              (11 damage)
             ... on level 2 of the Dungeon.
             The game lasted 00:01:45 (1977 turns).

Martska the Chucker (Ogre Hunter)                   Turns: 1977, Time: 00:01:45

Health: -3/37      AC:  3    Str: 17    XL:     3   Next: 25%
Magic:  0/3        EV: 10    Int: 12    God:
Gold:   58         SH:  0    Dex:  9    Spells: 2/2 levels left

rFire    . . .     SeeInvis .   p - +0 whip
rCold    . . .     Faith    .   (no shield)
rNeg     . . .     Spirit   +   b - +0 robe
rPois    .         Reflect  .   (helmet restricted)
rElec    .         Harm     .   (no cloak)
rCorr    .         Rampage  .   (gloves unavailable)
Will     .....                  (boots unavailable)
Stlth    +.........             n - amulet of guardian spirit
HPRegen  0.12/turn              (no ring)
MPRegen  0.08/turn              (no ring)

@: mighty
A: large, unfitting armour, tough skin 1
a: no special abilities


You were on level 2 of the Dungeon.
You visited 1 branch of the dungeon, and saw 2 of its levels.

You collected 58 gold pieces.

Inventory:

Hand Weapons
 a - a +0 short sword
 g - a +0 spear
 h - a +0 club
 p - a +0 whip (weapon)
Missiles
 c - 5 large rocks (quivered)
 d - 2 throwing nets
Armour
 b - a +0 robe (worn)
Jewellery
 n - an amulet of guardian spirit (around neck)
Scrolls
 i - 4 scrolls of identify
 j - a scroll of magic mapping {unknown}
 m - a scroll of fog {unknown}
 o - a scroll of amnesia {unknown}
Potions
 e - a potion of curing
 k - a potion of brilliance {unknown}
 l - a potion of lignification {unknown}


   Skills:
 * Level 3.3 Fighting
 * Level 0.6 Maces & Flails
 * Level 4.3 Throwing
 * Level 2.3 Dodging
 - Level 0.6 Stealth


You had 2 spell levels left.
You didn't know any spells.
Your spell library was empty.

Dungeon Overview and Level Annotations

Branches:
Dungeon (2/15)

Altars:
Ashenzari
Uskayaw

Annotations:
D:2 Sigmund


Innate Abilities, Weirdness & Mutations

You are too large for most types of armour.
You have tough skin. (AC +1)


Message History

It was a potion of might.
You feel very mighty all of a sudden.
Sigmund hits you from afar with a +0 scythe.
* * * LOW HITPOINT WARNING * * *
The ball python bites you.
* * * LOW HITPOINT WARNING * * *
You barely miss the ball python.
The ball python bites you but does no damage.
Sigmund barely misses you.
You hit the ball python.
The ball python is severely wounded.
The ball python bites you but does no damage.
The ball python barely misses you.
Sigmund gestures at himself while chanting.
Sigmund flickers and vanishes!
Deactivating autopickup; reactivate with Ctrl-A.
You closely miss the ball python.
The ball python is severely wounded.
The ball python completely misses you. Something hits you!
You die...

#?... ###### #....#
#....### #....# #######
#......# #....# #.....#
#..#.#.# #..$.#
#.###.###.......
#....####............###
#....KS@......##........
#....{####....##.#.#.###
#...(.#>................
#....#############.#.##.
#....# #.#.##. ###...
###.#.##. #### #...#.##.
#.###.#...##.
#......<#.##.


You could see a ball python and a kobold.

Vanquished Creatures
  A dart slug (D:2)
  2 leopard geckos
  A ball python (D:2)
  2 bats
  A giant cockroach (D:1)
  2 goblins (D:1)
  3 hobgoblins
  3 jackals (D:1)
  A quokka (D:2)
  3 frilled lizards
  6 kobolds
  2 rats
27 creatures vanquished.

Notes
Turn   | Place    | Note
-------+----------+-------------------------------------------
     0 | D:1      | Martska the Ogre Hunter began the quest for the Orb.
     0 | D:1      | Reached XP level 1. HP: 22/22 MP: 1/1
   316 | D:1      | Reached XP level 2. HP: 31/31 MP: 2/2
  1316 | D:2      | Reached XP level 3. HP: 13/37 MP: 3/3
  1731 | D:2      | Found a broken altar of Ashenzari.
  1786 | D:2      | Found a hide-covered altar of Uskayaw.
  1958 | D:2      | Noticed Sigmund
  1977 | D:2      | Slain by Sigmund

Illustrated notes

Levels and vault maps discovered:
D:1:      dpeg_arrival_orchard, layout_basic, serial_forest,
          infiniplex_forest_straight_3, infiniplex_forest_straight_4,
          infiniplex_forest_straight_1, infiniplex_forest_zigzag_1,
          infiniplex_forest_clump_double, infiniplex_forest_lined_room_3,
          infiniplex_forest_clump_medium, infiniplex_forest_end_1
D:2:      layout_basic, chequers_temple_overflow_statue_of_worship, uniq_sigmund

Skill      XL: |  1 |
---------------+----+-----
Dodging        | 2 |  2.3
Fighting       | 3 |  3.3
Maces & Flails | |  0.6
Throwing       | |  4.3
Stealth        | |  0.6

Action                   || total
-------------------------++-------
Melee: Short sword       ||    22
       Spear             ||    83
       Whip              ||    18
Throw: Large rock        ||     4
  Use: Scroll            ||     1
       Potion            ||     1
 Stab: Sleeping          ||     2
Armor: Robe              ||    53
Dodge: Dodged            ||    78
